 Dungeon Crawl Stone Soup version 0.21.1-1-g345015f (webtiles) character file.

5751 johnjohn the Basher (level 10, 0/88 HPs)
             Began as a Hill Orc Fighter on May 12, 2018.
             Was a Believer of Ashenzari.
             Slain by a slime creature (2 damage)
             ... on level 9 of the Dungeon.
             The game lasted 00:46:51 (10808 turns).

johnjohn the Basher (Hill Orc Fighter)             Turns: 10808, Time: 00:46:52

Health: 0/88       AC: 20    Str: 23    XL:     10   Next: 77%
Magic:  10/10      EV:  6    Int:  8    God:    Ashenzari [**....]
Gold:   574        SH: 12    Dex: 13    Spells: 9/9 levels left

rFire    . . .     SeeInvis +   a - +4 flail
rCold    . . .     Gourm    .   c - +0 shield
rNeg     + . .     Faith    +   j - +3 plate armour
rPois    .         Spirit   .   (no helmet)
rElec    .         Reflect  .   (no cloak)
rCorr    .         Harm     .   r - +1 pair of gloves {Dex+3}
MR       .....                  n - +0 pair of boots
Stlth    ..........             o - amulet of faith
HPRegen  0.24/turn              m - ring of see invisible
MPRegen  0.12/turn              y - ring of positive energy

@: no status effects
A: no striking features
a: Curse Item, Scrying, Renounce Religion


You were on level 9 of the Dungeon.
You worshipped Ashenzari.
Ashenzari was pleased with you.
You were not hungry.

You visited 1 branch of the dungeon, and saw 9 of its levels.

You collected 574 gold pieces.

Inventory:

Hand Weapons
 a - a +4 flail (weapon)
 x - a +0 dire flail
 F - a +1 dagger of draining
Missiles
 B - 3 tomahawks (quivered)
Armour
 b - a +0 scale mail
 c - a +0 shield (worn)
 j - a +3 plate armour (worn)
 n - a +0 pair of boots (worn)
 r - a +1 pair of gloves of dexterity (worn)
 G - a +1 cloak of invisibility
Jewellery
 m - a ring of see invisible (left hand)
 o - an amulet of faith (around neck)
 q - an uncursed ring of stealth
 u - an uncursed ring of resist corrosion
 v - an uncursed ring of resist corrosion
 y - a ring of positive energy (right hand)
 H - an uncursed amulet of faith
Wands
 z - a wand of flame (21)
 D - a wand of acid (4)
Scrolls
 h - 6 scrolls of identify
 l - 6 scrolls of teleportation
 p - a scroll of magic mapping {unknown}
 s - a scroll of torment {unknown}
 A - 2 scrolls of remove curse
 C - a scroll of noise {unknown}
Potions
 d - 2 potions of might
 e - 2 potions of cancellation
 g - 4 potions of curing
 i - 3 potions of degeneration
 k - 2 potions of haste
 E - a potion of berserk rage {unknown}
Books
 w - a book of Maledictions

   Spells                             Type                      Level
   a - Corona                         Hexes                        1
   b - Ensorcelled Hibernation        Hexes/Ice                    2
   c - Confuse                        Hexes                        3
   d - Tukima's Dance                 Hexes                        3
   e - Dazzling Spray                 Conjuration/Hexes            3
Comestibles
 f - 5 rations


   Skills:
 + Level 8.0 Fighting
 + Level 11.1 Maces & Flails
 + Level 8.6 Armour
 + Level 0.7 Dodging
 + Level 1.0 Stealth
 + Level 9.0 Shields


You had 9 spell levels left.
You didn't know any spells.

Dungeon Overview and Level Annotations

Branches:
Dungeon (9/15)             Temple (0/1) D:6            Lair (0/6) D:8
    Orc: D:9-12

Altars:
Ashenzari
Nemelex Xobeh
Uskayaw


Message History

The slime creature is lightly wounded.
You block the slime creature's attack.
The very large slime creature barely misses you.
The slime creature hits you but does no damage.
You hit the slime creature.
The slime creature is lightly wounded.
You block the slime creature's attack.
As you read the scroll of fear, it crumbles to dust.
You assume a fearsome visage.
The slime creature looks frightened!
The very large slime creature looks frightened!
The slime creature looks frightened!
Things that are here:
an uncursed scimitar of flaming; an uncursed robe You barely miss the slime creature.
The slime creature hits you.
* * * LOW HITPOINT WARNING * * *
Your plate armour prevents you from hitting the slime creature.
The slime creature hits you!
* * * LOW HITPOINT WARNING * * *
You barely miss the slime creature. The slime creature hits you.
You die...

#.#..J........# * * #.
#######.###.# * * #. * #J# #.#
* # #. * #.# #.# ,,#.#.
#)###.#####.# ####.#. ,*
#...........# ........ ,
#######.####..#*#######.
#......J..##..# , ...#. *
#.#####@#.#...# #* ##.#.
#.#..........##.####....
.#####.#............ #.....#.
#.............####.####.##.##.
#######.......................
#######)####.####.#..###
#...........#<.# ,
######.######### , #........


You could see a slime creature.

Vanquished Creatures
  Erica (D:9)
  A two-headed ogre (D:8)
  An ugly thing (D:8)
  Maurice (D:8)
  Joseph (D:9)
  A komodo dragon (D:8)
  A merfolk (D:9)
  Prince Ribbit (D:8)
  A hippogriff (D:7)
  A sky beast (D:6)
  3 orc warriors
  3 phantoms
  A black bear (D:8)
  3 ogres
  2 bullfrogs
  A water moccasin skeleton (D:9)
  A scorpion (D:8)
  3 killer bees (D:8)
  2 howler monkeys
  A crimson imp (D:5)
  2 quasits
  2 jellies
  4 orc priests
  4 hounds
  2 bullfrog skeletons (D:8)
  A centaur skeleton (D:4)
  2 iguanas
  8 worker ants
  4 orc wizards
  Terence (D:2)
  A hound zombie (D:7)
  A hound skeleton (D:4)
  11 adders
  4 gnolls (D:7)
  3 shadow imps
  An ooze (D:5)
  A worm (D:4)
  A dart slug (D:3)
  2 leopard geckos
  21 orcs
  9 giant cockroaches
  6 goblins
  9 hobgoblins
  8 jackals
  2 quokkas
  4 ball pythons
  10 bats
  2 frilled lizards
  11 kobolds
  A quokka skeleton (D:8)
  A quokka zombie (D:5)
  7 rats
176 creatures vanquished.

Vanquished Creatures (others)
  A plant (D:8)
1 creature vanquished.

Grand Total: 177 creatures vanquished

Notes
Turn   | Place    | Note
-------+----------+-------------------------------------------
     0 | D:1      | johnjohn the Hill Orc Fighter began the quest for the Orb.
     0 | D:1      | Reached XP level 1. HP: 19/19 MP: 1/1
   230 | D:1      | Reached XP level 2. HP: 23/27 MP: 2/2
  1193 | D:2      | Reached XP level 3. HP: 33/33 MP: 3/3
  1254 | D:2      | Noticed Terence
  1270 | D:2      | Killed Terence
  1376 | D:2      | Noticed a phantom
  1432 | D:2      | Killed a phantom
  1432 | D:2      | Reached skill level 3 in Maces & Flails
  1432 | D:2      | Reached XP level 4. HP: 9/41 MP: 4/4
  1432 | D:2      | Reached XP level 5. HP: 10/47 MP: 5/5
  2474 | D:3      | Found a faded altar of an unknown god.
  2721 | D:3      | Reached skill level 4 in Maces & Flails
  2917 | D:3      | Noticed an ogre
  2927 | D:3      | Killed an ogre
  2927 | D:3      | Reached XP level 6. HP: 12/55 MP: 6/6
  3268 | D:3      | Became a worshipper of Ashenzari the Shackled
  3268 | D:3      | Reached * piety under Ashenzari
  3905 | D:5      | Entered Level 5 of the Dungeon
  3919 | D:4      | Reached skill level 5 in Armour
  3942 | D:4      | Reached XP level 7. HP: 49/60 MP: 7/7
  4049 | D:5      | Reached skill level 5 in Maces & Flails
  4069 | D:5      | Reached skill level 5 in Shields
  4265 | D:5      | Reached skill level 5 in Fighting
  4476 | D:6      | Found a staircase to the Ecumenical Temple.
  5154 | D:6      | Reached XP level 8. HP: 68/68 MP: 8/8
  5195 | D:6      | Reached skill level 6 in Maces & Flails
  6334 | D:7      | Reached ** piety under Ashenzari
  6349 | D:7      | Reached skill level 7 in Maces & Flails
  6978 | D:7      | Reached XP level 9. HP: 54/75 MP: 9/9
  7242 | D:7      | Reached skill level 8 in Maces & Flails
  7691 | D:8      | Noticed a red ugly thing
  7713 | D:8      | Killed a red ugly thing
  7946 | D:8      | Noticed a two-headed ogre
  7958 | D:8      | Noticed Prince Ribbit
  7970 | D:8      | Killed a two-headed ogre
  7970 | D:8      | Reached skill level 9 in Maces & Flails
  7976 | D:8      | Killed Prince Ribbit
  7976 | D:8      | Reached XP level 10. HP: 36/86 MP: 10/10
  8193 | D:8      | Found a staircase to the Lair.
  8383 | D:8      | Reached skill level 10 in Maces & Flails
  8538 | D:8      | Noticed Maurice
  8677 | D:8      | Killed Maurice
  9165 | D:8      | Found a sparkling altar of Nemelex Xobeh.
  9574 | D:9      | Found a hide-covered altar of Uskayaw.
  9906 | D:9      | Noticed Erica
  9925 | D:9      | Killed Erica
 10328 | D:9      | Noticed Joseph
 10380 | D:9      | Reached skill level 11 in Maces & Flails
 10393 | D:9      | Killed Joseph
 10393 | D:9      | Reached skill level 1 in Stealth
 10807 | D:9      | HP: 2/88 [slime creature (13)]
 10808 | D:9      | Slain by a slime creature

Skill      XL: |  1  2  3  4  5  6  7  8  9 10 |
---------------+-------------------------------+-----
Fighting       | 4 5 6 7 8 |  8.0
Shields        | 4 5 6 8 9 |  9.0
Maces & Flails | 3 4 5 7 9 11 | 11.1
Armour         | 4 5 6 7 8 |  8.6
Stealth        | 1 |  1.0
Dodging        | |  0.7

Action                   |  1- 3 |  4- 6 |  7- 9 | 10-12 || total
-------------------------+-------+-------+-------+-------++-------
Melee: Flail             |   145 |   220 |   333 |   177 ||   875
Throw: Tomahawk          |       |       |       |     1 ||     1
Invok: Scrying           |       |       |     2 |       ||     2
  Use: Scroll            |     3 |    11 |       |     2 ||    16
       Potion            |     1 |     6 |     1 |     3 ||    11
 Stab: Invisible         |       |       |       |     2 ||     2
  Eat: Chunk             |     2 |     4 |     3 |     5 ||    14
       Ration            |       |     1 |     3 |     2 ||     6
Armor: Plate armour      |   161 |   257 |   184 |    69 ||   671
Dodge: Dodged            |    29 |    62 |    76 |    18 ||   185
Block: Shield            |   121 |   174 |   195 |    76 ||   566
